 Dungeon Crawl Stone Soup version 0.29.1-12-g30fa7ad0bf (webtiles) character file.

Game seed: 10160018342129035142

56 javelincjr the Trooper (level 3, -3/29 HPs)
             Began as a Demonspawn Abyssal Knight on Dec 13, 2022.
             Was a Believer of Lugonu.
             Slain by Terence
             ... wielding a +1 vorpal hand axe
              (4 damage)
             ... on level 2 of the Dungeon.
             The game lasted 00:07:16 (2135 turns).

javelincjr the Trooper (Demonspawn Abyssal Knight)  Turns: 2135, Time: 00:07:19

Health: -3/29      AC:  5    Str: 13    XL:     3   Next: 69%
Magic:  4/4        EV: 11    Int: 11    God:    Lugonu [**....]
Gold:   33         SH:  0    Dex: 15    Spells: 2/2 levels left

rFire   . . .      SeeInvis .   a - +1 hand axe
rCold   . . .      Faith    .   (no shield)
rNeg    . . .      Spirit   .   b - +0 leather armour
rPois   .          Reflect  .   (no helmet)
rElec   .          Harm     .   (no cloak)
rCorr   .          Rampage  .   (no gloves)
Will    .....                   (no boots)
Stlth   +.........              (no amulet)
HPRegen 0.09/turn               (no ring)
MPRegen 0.09/turn               (no ring)

@: no status effects
A: thin metallic scales 1, weakness stinger 1
a: Renounce Religion, Depart the Abyss, Bend Space


You were on level 2 of the Dungeon.
You worshipped Lugonu.
Lugonu was pleased with you.
You visited 1 branch of the dungeon, and saw 2 of its levels.
You visited the Abyss 1 time.

You collected 33 gold pieces.

Inventory:

Hand Weapons
 a - a +1 hand axe (weapon)
Missiles
 e - 10 stones (quivered)
Armour
 b - a +0 leather armour (worn)
Scrolls
 c - a scroll of teleportation {unknown}
 d - a scroll of fear {unknown}
 g - 2 scrolls of identify {unknown}
 j - a scroll of magic mapping {unknown}
 k - a scroll of poison {unknown}
Potions
 f - a potion of curing {unknown}
 h - a potion of invisibility {unknown}
 i - a potion of magic {unknown}


   Skills:
 + Level 3.6 Fighting
 + Level 2.5 Axes
 + Level 2.3 Armour
 + Level 1.4 Dodging
 + Level 2.4 Invocations


You had 2 spell levels left.
You didn't know any spells.
Your spell library contained the following spells:

 Spells                   Type           Power      Damage    Failure   Level
 Beastly Appendage        Tmut           0%         N/A       41%         1
 Wereblood                Tmut           0%         N/A       56%         2
 Spider Form              Tmut/Pois      0%         N/A       80%         3


Dungeon Overview and Level Annotations

Branches:
Dungeon (2/15)

Altars:

Annotations:
D:2 Terence


Innate Abilities, Weirdness & Mutations

You are partially covered in thin metallic scales. (AC +2)
You have a small tail.


Message History

Found a smoky green potion.
Found a stone staircase leading down.
The ball python barely misses you. The ball python grabs you.
The ball python constricts you.
You hit the ball python.
The ball python is severely wounded.
The ball python closely misses you. The ball python constricts you.
You barely miss the ball python.
The ball python is severely wounded.
You hit the worm but do no damage. The ball python misses you.
The ball python constricts you. The worm closely misses you.
You slash the worm!
The worm is moderately wounded.
You hit the ball python.
You kill the ball python!
Lugonu accepts your kill.
You slash the worm!
The worm is severely wounded.
The worm bites you.
You barely miss the worm. You tail-slap the worm.
The worm is almost dead.
The worm closely misses you.
You hit the worm.
You kill the worm!
Lugonu accepts your kill.
Terence the Incautious comes into view.
He is wielding a +1 vorpal hand axe.
You see here a worm corpse.
A giant cockroach comes into view.
Terence drinks a potion.
Terence goes berserk!
Terence hits you with a +1 vorpal hand axe!
You hit Terence.
Terence is lightly wounded.
Terence barely misses you.
Terence hits you with a +1 vorpal hand axe.
You barely miss Terence.
Terence is lightly wounded.
You hit the giant cockroach.
The giant cockroach bites you but does no damage.
Terence hits you with a +1 vorpal hand axe!
* * * LOW HITPOINT WARNING * * *
You die...

.....######.#
#...........###
###............ #
...........!.##.#
##..............
#............#
#......B.>.†#
......@@..†.##
##...####.#..# #.
#.##.# #.##.#
#.##.# #.##.#
#.##.# ##.##.#
##.####..##.#


You could see Terence (berserk) and a giant cockroach.

Vanquished Creatures
  4 worms (D:2)
  A ball python (D:2)
  4 bats
  6 endoplasms
  2 goblins (D:1)
  2 hobgoblins (D:1)
  4 jackals (D:1)
  6 kobolds
  3 quokkas
  A frilled lizard (D:1)
  4 rats
37 creatures vanquished.

Notes
Turn   | Place    | Note
-------+----------+-------------------------------------------
     0 | Abyss:1  | javelincjr the Demonspawn Abyssal Knight began the quest
                  | for the Orb.
     0 | Abyss:1  | Reached XP level 1. HP: 18/18 MP: 2/2
     3 | Abyss:1  | Found a corrupted altar of Lugonu.
    26 | Abyss:2  | Noticed a large abomination
    31 | Abyss:2  | Noticed a hell hound
    31 | Abyss:2  | Noticed a hell hound
    31 | Abyss:2  | Noticed a hell hound
    32 | Abyss:2  | Noticed a hell hound
    34 | D:1      | Escaped the Abyss
   308 | D:1      | Found a faded altar of an unknown god.
   539 | D:1      | Gained mutation: You are partially covered in thin metallic
                  | scales. (AC +2) [demonic ancestry]
   539 | D:1      | Reached XP level 2. HP: 10/24 MP: 3/3
   762 | D:1      | Reached ** piety under Lugonu
  1183 | D:1      | Reached skill level 1 in Dodging
  1401 | D:1      | Gained mutation: You have a small tail. [demonic ancestry]
  1401 | D:1      | Reached XP level 3. HP: 13/29 MP: 4/4
  2130 | D:2      | Noticed Terence
  2135 | D:2      | HP: 1/29 [Terence/+1 vorpal hand axe (10)]
  2135 | D:2      | Slain by Terence

Illustrated notes

Levels and vault maps discovered:
D:1:      lemuel_arrival_lava_pool, layout_loops_ring,
          ebering_ecumenical_altar_sacrificial
D:2:      layout_loops_ring, uniq_terence

Skill      XL: |  1  2 |
---------------+-------+-----
Axes           | 2 |  2.5
Dodging        | 1 |  1.4
Armour         | 2 |  2.3
Fighting       | |  3.6
Invocations    | |  2.4

Action                   || total
-------------------------++-------
Melee: Hand axe          ||   125
       Punch             ||     1
       Tailslap          ||     5
Throw: Stone             ||     5
Invok: Depart the Abyss  ||     1
 Stab: Sleeping          ||     1
Armor: Leather armour    ||    53
Dodge: Dodged            ||    79
